 Dungeon Crawl Stone Soup version 0.26.1-11-gd32895ea62 (webtiles) character file.

Game seed: 17913409759262860672

2401 H0rd4k the Martial Artist (level 9, -3/55 HPs)
             Began as an Octopode Transmuter on June 28, 2021.
             Was an Initiate of Gozag.
             Slain by a white ugly thing (40 damage)
             ... on level 7 of the Dungeon.
             The game lasted 00:11:45 (9938 turns).

H0rd4k the Martial Artist (Octopode Transmuter)     Turns: 9938, Time: 00:11:48

Health: -3/55      AC:  2    Str: 12    XL:     9   Next: 46%
Magic:  13/16      EV: 22    Int: 19    God:    Gozag
Gold:   636        SH:  0    Dex: 17    Spells: 5/18 levels left

rFire    + . .     SeeInvis .     - Unarmed
rCold    x . .     Faith    .   (shield currently unavailable)
rNeg     . . .     Spirit   .   (helmet currently unavailable)
rPois    x         Reflect  .   (no amulet)
rElec    .         Harm     .   c - ring of wizardry
rCorr    .         Rampage  .   u - ring of Namise {Fire Str+3}
Will     .....                  (no ring)
Stlth    ++........             (no ring)
HPRegen  0.18/turn              (no ring)
MPRegen  0.15/turn              (no ring)
                                (no ring)
                                (no ring)

@: spider-form
A: tiny, almost no armour, stealthy swim, (amphibious), 8 rings, (constrict 8)
a: End Transformation, Renounce Religion, Potion Petition, Call Merchant, Bribe
Branch


You were on level 7 of the Dungeon.
You worshipped Gozag.
Gozag was pleased with you.
You were a venomous arachnid creature.
You visited 2 branches of the dungeon, and saw 8 of its levels.
You also visited: Ossuary.

You collected 756 gold pieces.
You paid 120 gold pieces to Gozag.

Inventory:

Hand Weapons
 y - the +8 trident of Noddodio {freeze, *Contam *Drain rPois rN+++ Stlth+, unknown}
   (You found it on level 5 of the Dungeon)

   It has been specially enchanted to freeze those struck by it, causing extra
   injury to most foes and up to half again as much damage against particularly
   susceptible opponents.
   It can also slow down cold-blooded creatures.
   It protects you from poison.
   It renders you almost immune to negative energy.
   It causes magical contamination when unequipped.
   It causes draining when unequipped.
   It makes you more stealthy.
Missiles
 h - 38 poisoned darts (quivered)
Magical Staves
 B - an uncursed staff of earth
Jewellery
 c - a ring of wizardry (left front leg)
 u - the ring of Namise (right front leg) {Fire Str+3}
   (You found it on level 4 of the Dungeon)

   [ring of fire]

   It enhances your fire magic.
   It affects your strength (+3).
   It protects you from fire.
   It makes you vulnerable to cold.
Wands
 f - a wand of flame (13)
 z - a wand of iceblast (3)
 D - a wand of digging (4)
 E - a wand of paralysis (9)
Scrolls
 a - 4 scrolls of remove curse
 b - 4 scrolls of amnesia
 g - 2 scrolls of fear
 k - 2 scrolls of magic mapping
 m - 5 scrolls of identify {unknown}
 n - 2 scrolls of blinking {unknown}
 o - 4 scrolls of teleportation {unknown}
 q - 2 scrolls of immolation {unknown}
 t - a scroll of enchant armour {unknown}
 w - 2 scrolls of fog {unknown}
 C - 2 scrolls of enchant weapon
Potions
 d - 2 potions of mutation {unknown}
 e - a potion of berserk rage
 i - 3 potions of curing
 j - 2 potions of might {unknown}
 l - 4 potions of attraction {unknown}
 p - 2 potions of flight {unknown}
 r - 3 potions of haste {unknown}
 s - a potion of invisibility {unknown}
 v - a potion of heal wounds {unknown}
 x - 2 potions of lignification {unknown}
 A - a potion of magic {unknown}


   Skills:
 + Level 2.4 Fighting
 + Level 0.1 Throwing
 + Level 4.1 Dodging
 + Level 2.0 Stealth
 + Level 8.2 Unarmed Combat
 * Level 5.0 Spellcasting
 * Level 5.2 Transmutations
 * Level 1.3 Ice Magic
 - Level 5.3 Poison Magic


You had 5 spell levels left.
You knew the following spells:

 Your Spells              Type           Power        Failure   Level
a - Beastly Appendage     Tmut           48%          2%          1
b - Spider Form           Tmut/Pois      12%          5%          3
c - Blade Hands           Tmut           12%          28%         5
d - Ice Form              Ice/Tmut       17%          26%         4

Your spell library contained the following spells:

 Spells                   Type           Power        Failure   Level
 Wereblood                Tmut           24%          3%          2
 Magic Dart               Conj           16%          12%         1
 Summon Small Mammal      Summ           16%          12%         1
 Call Imp                 Summ           4%           16%         2
 Searing Ray              Conj           8%           16%         2
 Call Canine Familiar     Summ           4%           28%         3
 Dazzling Flash           Conj/Hex       8%           28%         3
 Summon Guardian Golem    Hex/Summ       4%           28%         3
 Summon Ice Beast         Ice/Summ       7%           52%         4
 Fulminant Prism          Conj/Hex       2%           58%         4
 Iskenderun's Mystic Bla  Conj/Tloc      4%           58%         4
 Summon Lightning Spire   Summ/Air       4%           58%         4


Dungeon Overview and Level Annotations

Branches:
Dungeon (7/15)             Temple (1/1) D:5         Ossuary (visited)

Altars:
Ashenzari
Cheibriados
Fedhas
Gozag
Kikubaaqudgha
Makhleb
Nemelex Xobeh
Okawaru
Qazlal
Trog
Uskayaw
Vehumet
Xom
Yredelemnul
The Shining One

Annotations:
D:5 3 runed translucent doors, exclusion: 3 doors, Quickbrownfox's ghost, novice OpIE
D:6 exclusion: downstairs
D:7 Maggie


Innate Abilities, Weirdness & Mutations

You cannot wear most types of armour.
You are very stealthy in the water. (Stealth+)
((You are amphibious.))
You can wear up to eight rings at the same time.
((You can use your tentacles to constrict eight enemies at once.))
((Your skin changes colour to match your surroundings (Stealth+).))
((Your rubbery body absorbs attacks. (AC +1, EV +1)))


Message History

Confirm with . or Enter, or press ? or * to list all spells.
Okay, then.
Unknown command.
Casting: Spider Form (safe; 1% risk of failure)
Confirm with . or Enter, or press ? or * to list all spells.
You turn into a venomous arachnid creature.
You hit the white ugly thing.
The white ugly thing is poisoned.
The white ugly thing is lightly wounded.
The white ugly thing completely misses you.
You hit the white ugly thing but do no damage.
The white ugly thing looks even sicker.
The white ugly thing is lightly wounded.
The white ugly thing misses you.
You hit the white ugly thing.
The white ugly thing is lightly wounded.
The white ugly thing tail-slaps you! The white ugly thing freezes you!!!
You feel a terrible chill!
Ouch! That really hurt!
You die...
Your body crumbles into a pile of gold.

#.# #.). #.#######...
#.# .)l #.# #... #.#
./$ #.# ##.. ###.# #.
#.# #.. ##...# #l####
#.# ##. .....#
♣B.J.♣♣ #.# #. .[...#
♣..♣♣B♣♣ #. ##.
####.# ♣...♣♣uJ♣ #..
# ##.# ♣.♣♣♣♣s♣♣.♣
##o# # #..# ♣♣♣...♣♣
♣♣ ##..#
###..#######...#####
##o...
........))...........
..####..o).
........##########.##
#.......... ........#
#.# #####......
.......)## #.#
#....... .......#.###
#.# ##......
........#..## #.#
#.......


You could see a white ugly thing (very poisoned), an ooze and a giant cockroach.

Vanquished Creatures
  Grinder (D:3)
  Sigmund (D:3)
  2 sky beasts
  An ice beast (D:6)
  A phantom (D:6)
  5 ogres
  5 bullfrogs
  3 scorpions
  2 orc priests
  A centaur skeleton (D:7)
  2 orc wizards
  Terence (D:2)
  Natasha (thrice) (D:2)
  An iguana (D:6)
  5 worker ants
  A hound skeleton (D:6)
  12 mummies (Ossuary)
  3 gnolls (D:7)
  7 adders
  A white imp (D:6)
  2 oozes (D:1)
  An adder skeleton (D:4)
  2 worms
  2 dart slugs
  4 leopard geckos
  14 orcs
  A ball python (D:5)
  10 giant cockroaches
  6 goblins
  6 hobgoblins
  6 jackals
  3 quokkas
  8 bats
  7 frilled lizards
  A gnoll skeleton (Ossuary)
  A goblin skeleton (Ossuary)
  A jackal zombie (D:5)
  9 kobolds
  5 kobold skeletons (Ossuary)
  An orc skeleton (Ossuary)
  A quokka skeleton (D:3)
  8 rats
  11 rat skeletons (Ossuary)
168 creatures vanquished.

Vanquished Creatures (others)
  4 toadstools (D:1)
4 creatures vanquished.

Grand Total: 172 creatures vanquished

Notes
Turn   | Place    | Note
-------+----------+-------------------------------------------
     0 | D:1      | H0rd4k the Octopode Transmuter began the quest for the Orb.
     0 | D:1      | Reached XP level 1. HP: 13/13 MP: 3/3
   196 | D:1      | Reached XP level 2. HP: 18/18 MP: 5/5
   201 | D:1      | Found an iron altar of Okawaru.
   547 | D:1      | Reached skill level 1 in Stealth
   547 | D:1      | Reached XP level 3. HP: 23/23 MP: 6/6
   551 | D:1      | Learned a level 3 spell: Spider Form
  1078 | D:2      | Noticed Terence
  1444 | D:2      | Killed Terence
  1445 | D:2      | Reached skill level 4 in Unarmed Combat
  1445 | D:2      | Reached XP level 4. HP: 28/28 MP: 3/7
  1603 | D:2      | Reached skill level 1 in Poison Magic
  1613 | D:2      | Noticed Natasha
  1635 | D:2      | Killed Natasha
  1643 | D:2      | Noticed Natasha
  1659 | D:2      | Killed Natasha
  1660 | D:2      | Reached XP level 5. HP: 6/33 MP: 4/8
  1799 | D:2      | Noticed Natasha
  1886 | D:2      | Killed Natasha
  2117 | D:2      | Noticed an ogre
  2133 | D:2      | Killed an ogre
  2134 | D:2      | Reached XP level 6. HP: 30/38 MP: 6/10
  2626 | D:2      | Found a burning altar of Makhleb.
  2626 | D:2      | Noticed a green death
  2630 | D:2      | Noticed an orange demon
  2630 | D:2      | Noticed a neqoxec
  2834 | D:3      | Noticed Sigmund
  2849 | D:3      | Killed Sigmund
  2850 | D:3      | Reached skill level 5 in Unarmed Combat
  2850 | D:3      | Reached XP level 7. HP: 34/43 MP: 8/12
  2933 | D:3      | Found a stormy altar of Qazlal.
  2944 | D:3      | Found a hide-covered altar of Uskayaw.
  2985 | D:3      | Noticed Grinder
  2988 | D:3      | Paralysed by Grinder for 4 turns
  3013 | D:3      | Paralysed by Grinder for 2 turns
  3018 | D:3      | Killed Grinder
  3981 | D:4      | Found a sand-covered staircase.
  3987 | Ossuary  | Entered an ossuary
  4143 | Ossuary  | Reached skill level 6 in Unarmed Combat
  4483 | Ossuary  | Reached XP level 8. HP: 47/48 MP: 13/13
  5386 | D:4      | Got an ancient amber ring
  5658 | D:4      | HP: 2/48 [poisoned by a scorpion]
  6369 | D:4      | Identified the ring of Namise {Fire Str+3} (You found it on
                  | level 4 of the Dungeon)
  6381 | D:4      | Learned a level 5 spell: Blade Hands
  6400 | D:5      | Entered Level 5 of the Dungeon
  6400 | D:5      | Found a runed translucent gate.
  6445 | D:5      | Found a runed translucent gate.
  6446 | D:5      | Found a runed translucent gate.
  6450 | D:5      | Noticed Quickbrownfox's ghost (novice OpIE)
  6566 | D:5      | Found a staircase to the Ecumenical Temple.
  6584 | Temple   | Entered the Ecumenical Temple
  6772 | D:5      | Got a shimmering trident
  6834 | D:5      | Reached skill level 7 in Unarmed Combat
  6904 | D:5      | Found an ancient bone altar of Kikubaaqudgha.
  7022 | D:5      | Found an opulent altar of Gozag.
  7114 | D:5      | Became a worshipper of Gozag Ym Sagoz the Greedy
  8156 | D:6      | Reached skill level 5 in Poison Magic
  8156 | D:6      | Reached XP level 9. HP: 54/54 MP: 11/15
  8411 | D:6      | Reached skill level 5 in Transmutations
  9093 | D:6      | Learned a level 4 spell: Ice Form
  9696 | D:7      | Reached skill level 8 in Unarmed Combat
  9859 | D:7      | Noticed Maggie
  9920 | D:7      | Reached skill level 1 in Ice Magic
  9925 | D:7      | Reached skill level 5 in Spellcasting
  9928 | D:7      | Noticed a white ugly thing
  9928 | D:7      | Noticed a brown ugly thing
  9938 | D:7      | Slain by a white ugly thing

Illustrated notes

Levels and vault maps discovered:
D:1:      ldierk_water_garden, layout_basic, okawaru_ov_weapons_minmay
D:2:      layout_loops_cross, makhleb_altar_promises_db, minmay_pentomino_w4,
          uniq_terence, uniq_natasha
D:3:      layout_basic, overflow_temple_1_default, lemuel_round_altar,
          grunt_ministairs_2, grunt_decor_arrowhead, minmay_misc_feat_columns,
          hangedman_decor_opposing, uniq_grinder, uniq_sigmund
D:4:      layout_cave_pods, nicolae_ossuary_entry_plus, grunt_decor_fettered,
          chequers_serial_rivers_small_a
D:5:      layout_cave_pools, nicolae_overflow_crystal_walls,
          kennysheep_little_box, minmay_temple_entry_glassed_door,
          gammafunk_ghost_necromancy, kennysheep_path_1, minivault_19
D:6:      layout_loops_corners
D:7:      nzn_winding_woodlands_small [nzn_winding_woodlands_5x15_pockets,
          nzn_winding_woodlands_center_pierced_h,
          nzn_winding_woodlands_5x15_crooked], layout_cave_pods,
          elyvilon_altar_1, minmay_strange_pillars, uniq_maggie,
          uniq_prince_ribbit1
Temple:   nicolae_temple_figure_zero

Skill      XL: |  1  2  3  4  5  6  7  8  9 |
---------------+----------------------------+-----
Stealth        | 1 2 |  2.0
Unarmed Combat | 4 5 6 7 8 |  8.2
Poison Magic   | 1 2 3 5 |  5.3
Transmutations | 3 4 5 |  5.2
Spellcasting   | 3 4 5 |  5.0
Dodging        | 3 4 |  4.1
Fighting       | 2 |  2.4
Ice Magic      | 1 |  1.3
Throwing       | |  0.1

Action                   |  1- 3 |  4- 6 |  7- 9 || total
-------------------------+-------+-------+-------++-------
Melee: Unarmed           |    62 |    88 |   340 ||   490
       Constrict         |    15 |     9 |    48 ||    72
       Tentacles         |     6 |     4 |    43 ||    53
       Punch             |     3 |     1 |    11 ||    15
Throw: Dart              |       |       |     2 ||     2
 Cast: Spider Form       |     1 |     7 |    23 ||    31
       Beastly Appendage |       |     2 |       ||     2
  Use: Scroll            |       |       |     7 ||     7
       Potion            |       |       |     2 ||     2
 Stab: Sleeping          |     9 |     3 |    24 ||    36
Armor: Skin              |     3 |       |     7 ||    10
Dodge: Dodged            |    36 |    54 |   162 ||   252
